 Dungeon Crawl Stone Soup version 0.21-a0-531-gacddea6 (webtiles) character file.

21467 kae the Grappler (level 12, -2/122 HPs)
             Began as a Troll Monk on Dec 13, 2017.
             Was a High Priest of Wu Jian.
             Slain by a 13-headed hydra (9 damage)
             ... on level 1 of the Lair of Beasts.
             The game lasted 00:15:00 (10509 turns).

kae the Grappler (Troll Monk)                      Turns: 10509, Time: 00:15:01

Health: -2/122     AC: 16    Str: 22    XL:     12   Next: 54%
Magic:  11/11      EV: 12    Int:  7    God:    Wu Jian [*****.]
Gold:   768        SH:  0    Dex: 13    Spells: 11/11 levels left

rFire    + + .     SeeInvis +     - Unarmed
rCold    x . .     Gourm    +   (no shield)
rNeg     . . .     Faith    .   l - +1 fire dragon scales
rPois    .         Spirit   .   (helmet restricted)
rElec    .         Reflect  .   I - +0 cloak
rCorr    +         Harm     .   (gloves unavailable)
MR       .....                  (boots unavailable)
Stlth    ..........             F - amulet of magic regeneration
HPRegen  0.70/turn              m - ring of resist corrosion
MPRegen  0.37/turn              D - ring of see invisible

@: lethally poisoned (-2 -> -2), exhausted
A: large, unfitting armour, claws 3, blink, clumsy 1, fast metabolism 3,
gourmand, regeneration 1, shaggy fur 1, tough skin 2
a: Blink, Serpent's Lash, Heavenly Storm, Renounce Religion


You were on level 1 of the Lair of Beasts.
You worshipped Wu Jian.
Wu Jian was extremely pleased with you.
You were full.

You visited 3 branches of the dungeon, and saw 13 of its levels.

You collected 896 gold pieces.
You spent 128 gold pieces at shops.

Inventory:

Armour
 l - +1 fire dragon scales (worn)
 I - a +0 cloak (worn)
Jewellery
 d - a +3 ring of intelligence
 k - a +3 ring of intelligence
 m - a ring of resist corrosion (left claw)
 A - an uncursed amulet of harm
 D - a ring of see invisible (right claw)
 F - an amulet of magic regeneration (around neck)
 K - an uncursed amulet of guardian spirit
 M - an uncursed ring of ice {unknown}
Wands
 g - a wand of flame (92)
 s - a wand of digging (16)
 v - a wand of scattershot (19)
 J - a wand of polymorph (9)
 L - a wand of random effects (20)
Scrolls
 e - 4 scrolls of enchant weapon
 f - 3 scrolls of magic mapping
 j - 8 scrolls of teleportation
 x - a scroll of fog
 y - 5 scrolls of remove curse
 N - a scroll of identify
 O - a scroll of silence {unknown}
Potions
 a - a potion of agility
 h - 6 potions of curing
 n - a potion of mutation
 o - 5 potions of flight
 p - a potion of magic
 q - a potion of resistance
 r - 5 potions of heal wounds
 t - 2 potions of invisibility
 u - 3 potions of might
 w - 2 potions of ambrosia
 B - a potion of brilliance
 E - a potion of haste
 G - 2 potions of berserk rage
 H - a potion of degeneration {unknown}
Books
 z - a book of Maledictions

   Spells                             Type                      Level
   a - Corona                         Hexes                        1
   b - Ensorcelled Hibernation        Hexes/Ice                    2
   c - Confuse                        Hexes                        3
   d - Tukima's Dance                 Hexes                        3
   e - Dazzling Spray                 Conjuration/Hexes            3
 P - a book of Changes

   Spells                             Type                      Level
   a - Beastly Appendage              Transmutation                1
   b - Sticks to Snakes               Transmutation                2
   c - Spider Form                    Transmutation/Poison         3
   d - Ice Form                       Ice/Transmutation            4
   e - Blade Hands                    Transmutation                5
Comestibles
 b - 4 bread rations
 c - a royal jelly
 i - 4 meat rations
 C - 5 fruits


   Skills:
 + Level 8.4 Fighting
 + Level 8.0 Armour
 + Level 8.4 Dodging
 - Level 1.0 Stealth
 * Level 13.3 Unarmed Combat


You had 11 spell levels left.
You didn't know any spells.

Dungeon Overview and Level Annotations

Branches:
Dungeon (11/15)            Temple (1/1) D:6            Lair (1/6) D:11
    Orc (0/2) D:9

Altars:
Ashenzari
Cheibriados
Dithmenos
Elyvilon
Fedhas
Gozag
Hepliaklqana
Kikubaaqudgha
Makhleb
Nemelex Xobeh
Okawaru
Qazlal
Ru
Sif Muna
Trog
Uskayaw
Vehumet
Wu Jian
Xom
Yredelemnul
Zin
The Shining One
Beogh

Shops:
D:8 *   D:9 (


Innate Abilities, Weirdness & Mutations

You are too large for most types of armour.
You have claws for hands.
Your metabolism is lightning-fast.
You like to eat raw meat.
Your natural rate of healing is unusually fast.
You are covered in fur. (AC +1)
You have very tough skin. (AC +2)
You can translocate small distances at will.
You are clumsy. (Dex -2)


Message History

The 12-headed hydra is heavily wounded.
You rip one of the 12-headed hydra's heads off!
The 11-headed hydra grows two more!
You mangle the 13-headed hydra!!
The 13-headed hydra is almost dead.
You feel sick. The 13-headed hydra bites you.
* * * LOW HITPOINT WARNING * * *
The 13-headed hydra barely misses you. The 13-headed hydra bites you!
* * * LOW HITPOINT WARNING * * *
The 13-headed hydra bites you but does no damage.
The 13-headed hydra bites you.
* * * LOW HITPOINT WARNING * * *
The 13-headed hydra barely misses you.
The 13-headed hydra bites you but does no damage.
The 13-headed hydra bites you.
* * * LOW HITPOINT WARNING * * *
The 13-headed hydra bites you!
* * * LOW HITPOINT WARNING * * *
The 13-headed hydra barely misses you. The 13-headed hydra closely misses you.
The 13-headed hydra bites you!
You die...

..#..............## #.†.......
..................###.........
..............................
..............................
...........P#.......#.........
.......$...##.##..............
...........######.............
............###§#.............
.............@D.......≈≈≈≈≈≈≈≈
.(............§.......≈##≈###≈
.....?......§§§.......≈ ## #≈
..$...................≈# #≈
..#...................≈## #≈
...................≈≈ #≈
...................≈# #≈
...................≈######≈
...................≈≈≈≈≈≈≈≈


You could see a 13-headed hydra.

Vanquished Creatures
  Harold (D:10)
  A death knight (D:11)
  The ghost of kiturien the Blocker, a novice DrFi of the Shining One (D:10)
  3 two-headed ogres
  Nergalle (D:10)
  The ghost of Gildeon the Cleaver, a novice MiFi of Sif Muna (D:8)
  Pikel (D:6)
  2 oklob plants (D:11)
  3 cyclopes
  Maurice (D:9)
  Joseph (D:7)
  A black mamba (Lair:1)
  A gargoyle (D:11)
  2 spiny frogs (Lair:1)
  A komodo dragon (Lair:1)
  Grinder (D:3)
  2 hippogriffs (Lair:1)
  Sigmund (D:2)
  28 yaks
  Grum (D:10)
  Menkaure (D:6)
  Edmund (D:4)
  2 water moccasins (Lair:1)
  2 porcupines (Lair:1)
  Duvessa (D:4)
  2 ice beasts (D:9)
  4 slaves (D:6)
  The ghost of kae the Ruffian, an amateur TrMo (D:3)
  4 black bears
  A necrophage (D:7)
  2 ogres
  2 sky beasts (D:10)
  3 orc warriors
  4 phantoms
  4 wolves (D:10)
  6 centaurs
  2 big kobolds
  The ghost of brew9 the Sneak, an amateur SpEn (D:5)
  4 bullfrogs
  Dowan (D:4)
  A wyvern skeleton (D:11)
  A scorpion (D:7)
  6 killer bees (D:8)
  11 wights
  2 howler monkeys
  2 bullfrog zombies (D:6)
  7 crimson imps
  3 centaur zombies
  3 centaur skeletons
  A jelly (D:3)
  3 orc priests
  2 quasits
  2 hounds
  2 bullfrog skeletons
  Ijyb (D:4)
  Jessica (D:2)
  8 orc wizards
  Terence (D:2)
  An iguana (D:4)
  12 worker ants
  A killer bee zombie (D:6)
  A worker ant zombie (D:10)
  17 gnolls
  8 adders
  3 adder skeletons (D:4)
  4 worms
  A dart slug (D:1)
  4 leopard geckos
  28 orcs
  8 bats
  5 giant cockroaches
  9 goblins
  12 hobgoblins
  3 jackals (D:2)
  4 quokkas
  2 ball pythons
  4 frilled lizards
  A jackal skeleton (D:11)
  22 kobolds
  2 quokka zombies
  7 rats
  A plant (D:11)
319 creatures vanquished.

Vanquished Creatures (collateral kills)
  4 wights (D:8)
4 creatures vanquished.

Grand Total: 323 creatures vanquished

Notes
Turn   | Place    | Note
-------+----------+-------------------------------------------
     0 | D:1      | kae the Troll Monk began the quest for the Orb.
     0 | D:1      | Reached XP level 1. HP: 22/22 MP: 0/0
   101 | D:1      | Reached XP level 2. HP: 28/29 MP: 1/1
   493 | D:1      | Reached XP level 3. HP: 32/36 MP: 2/2
   715 | D:2      | Noticed Terence
   723 | D:2      | Killed Terence
   723 | D:2      | Reached skill level 1 in Armour
   734 | D:2      | Noticed Sigmund
   967 | D:2      | Reached XP level 4. HP: 43/44 MP: 3/3
  1028 | D:2      | Noticed Jessica
  1032 | D:2      | Killed Jessica
  1032 | D:2      | Reached skill level 4 in Unarmed Combat
  1088 | D:2      | Found a deep blue altar of Sif Muna.
  1507 | D:2      | Killed Sigmund
  1507 | D:2      | Reached XP level 5. HP: 23/53 MP: 4/4
  1507 | D:2      | Reached XP level 6. HP: 26/61 MP: 5/5
  1574 | D:3      | Noticed Grinder
  1582 | D:3      | Paralysed by Grinder for 5 turns
  1597 | D:3      | Killed Grinder
  1597 | D:3      | Reached skill level 5 in Unarmed Combat
  1881 | D:3      | Found a roughly hewn altar of Beogh.
  1894 | D:3      | Reached XP level 7. HP: 40/67 MP: 6/6
  1994 | D:3      | Noticed kae's ghost (amateur TrMo)
  2017 | D:3      | Killed kae's ghost
  2239 | D:3      | Found a faded altar of an unknown god.
  2246 | D:3      | Reached skill level 6 in Unarmed Combat
  2253 | D:3      | Found an iron altar of Okawaru.
  2805 | D:4      | Noticed Ijyb
  2821 | D:4      | Killed Ijyb
  2954 | D:4      | Noticed Duvessa
  2954 | D:4      | Noticed Dowan
  2962 | D:4      | Killed Duvessa
  2981 | D:4      | Killed Dowan
  3175 | D:4      | Reached XP level 8. HP: 78/78 MP: 7/7
  3234 | D:4      | Noticed Edmund
  3247 | D:4      | Killed Edmund
  3352 | D:5      | Entered Level 5 of the Dungeon
  3360 | D:5      | Gained mutation: You are clumsy. (Dex -2) [potion of mutation]
  3360 | D:5      | Gained mutation: You can translocate small distances at will. [potion of mutation]
  3390 | D:5      | Noticed brew9's ghost (amateur SpEn)
  3405 | D:5      | Killed brew9's ghost
  3459 | D:5      | Reached skill level 7 in Unarmed Combat
  4104 | D:6      | Found a staircase to the Ecumenical Temple.
  4122 | Temple   | Entered the Ecumenical Temple
  4373 | D:6      | Reached skill level 8 in Unarmed Combat
  4416 | D:6      | Noticed Pikel
  4419 | D:6      | Killed Pikel
  4419 | D:6      | Reached skill level 5 in Fighting
  4419 | D:6      | Reached skill level 5 in Dodging
  4419 | D:6      | Reached XP level 9. HP: 84/88 MP: 8/8
  4700 | D:6      | Noticed Menkaure
  4704 | D:6      | Killed Menkaure
  5461 | D:7      | Reached skill level 9 in Unarmed Combat
  5699 | D:7      | Reached skill level 5 in Armour
  5749 | D:7      | Noticed Joseph
  5766 | D:7      | Killed Joseph
  6178 | D:8      | Noticed Gildeon's ghost (novice MiFi)
  6216 | D:8      | Killed Gildeon's ghost
  6216 | D:8      | Reached XP level 10. HP: 51/98 MP: 9/9
  6329 | D:8      | Found an ornate altar of the Wu Jian Council.
  6331 | D:8      | Found a sacrificial altar of Ru.
  6336 | D:8      | Found a shadowy altar of Dithmenos.
  6336 | D:8      | Found a shimmering altar of Xom.
  6337 | D:8      | Found a basalt altar of Yredelemnul.
  6337 | D:8      | Found a bloodstained altar of Trog.
  6344 | D:8      | Reached skill level 10 in Unarmed Combat
  6360 | D:8      | Found a hazy altar of Hepliaklqana.
  6367 | D:8      | Became a worshipper of the Wu Jian Council
  6367 | D:8      | Reached * piety under Wu Jian
  6367 | D:8      | Reached ** piety under Wu Jian
  6764 | D:8      | Found Ucomoaj's General Store.
  6814 | D:8      | Bought 2 potions of might for 128 gold pieces
  7017 | D:9      | Found a staircase to the Orcish Mines.
  7121 | D:9      | Reached *** piety under Wu Jian
  7149 | D:9      | Noticed a two-headed ogre
  7157 | D:9      | Killed a two-headed ogre
  7287 | D:9      | Found a hide-covered altar of Uskayaw.
  7351 | D:9      | Found Qivvehe's Antique Weapon Boutique.
  7481 | D:9      | Noticed Maurice
  7497 | D:9      | Killed Maurice
  7497 | D:9      | Reached skill level 11 in Unarmed Combat
  7533 | D:9      | Reached XP level 11. HP: 92/107 MP: 10/10
  7625 | D:10     | Entered Level 10 of the Dungeon
  7631 | D:10     | Noticed a two-headed ogre
  7645 | D:10     | Killed a two-headed ogre
  7757 | D:10     | Noticed Grum
  7781 | D:10     | Killed Grum
  8234 | D:10     | Noticed kiturien's ghost (novice DrFi)
  8259 | D:10     | Killed kiturien's ghost
  8376 | D:10     | Noticed Harold
  8388 | D:10     | Killed Harold
  8388 | D:10     | Reached skill level 12 in Unarmed Combat
  8425 | D:10     | Noticed Nergalle
  8433 | D:10     | Killed Nergalle
  8854 | D:11     | Reached **** piety under Wu Jian
  9021 | D:11     | Noticed a death knight
  9059 | D:11     | Killed a death knight
  9194 | D:11     | Noticed an oklob plant
  9225 | D:11     | Reached XP level 12. HP: 104/119 MP: 11/11
  9544 | D:11     | Noticed a two-headed ogre
  9554 | D:11     | Killed a two-headed ogre
  9629 | D:11     | Reached skill level 13 in Unarmed Combat
  9800 | D:11     | Reached ***** piety under Wu Jian
 10022 | D:11     | Found a staircase to the Lair.
 10121 | Lair:1   | Entered Level 1 of the Lair of Beasts
 10487 | Lair:1   | Noticed a four-headed hydra
 10509 | Lair:1   | Slain by a 13-headed hydra

Vault maps used:
D:1:      matt_arrival_spirals
D:2:      lemuel_doored_altar, serial_glass, glass_columns_a, glass_columns_a,
          guppyfry_early_orc_mine, uniq_sigmund, uniq_terence, uniq_jessica
D:3:      lemuel_crystal_altar, chequers_ecumenical_altar_simple_redux,
          kennysheep_orc_chapel, uniq_grinder
D:4:      first_bread, minmay_misc_feat_doors, uniq_ijyb, uniq_duvessa,
          uniq_edmund
D:5:      hex_tiny
D:6:      minmay_temple_entry_statues_pillars, kennysheep_boxes, uniq_pikel,
          uniq_menkaure
D:7:      uniq_joseph
D:8:      grunt_temple_overflow_open, serial_shops, shop
D:9:      kennysheep_mini_moat, orc_0_dummy, serial_shops, shop, uniq_maurice
D:10:     uniq_harold, uniq_nergalle, uniq_grum
D:11:     dpeg_oklobed_lair
Temple:   nicolae_temple_x_marks_the_god

Skill      XL: |  1  2  3  4  5  6  7  8  9 10 11 12 |
---------------+-------------------------------------+-----
Armour         | 1 2 3 4 5 6 7 8 |  8.0
Unarmed Combat | 4 5 6 8 9 11 12 13 | 13.3
Dodging        | 3 4 5 6 7 8 |  8.4
Fighting       | 3 4 5 6 7 8 |  8.4
Stealth        | |  1.0

Action                   |  1- 3 |  4- 6 |  7- 9 | 10-12 || total
-------------------------+-------+-------+-------+-------++-------
Melee: Unarmed           |    93 |   120 |   349 |   598 ||  1160
       Punch             |     1 |     3 |    15 |    31 ||    50
Invok: Serpent's Lash    |       |       |       |     4 ||     4
  Use: Scroll            |     7 |       |    14 |     7 ||    28
       Potion            |       |       |     2 |     1 ||     3
 Stab: Sleeping          |     5 |       |       |       ||     5
       Distracted        |       |       |     1 |       ||     1
  Eat: Chunk             |     7 |    13 |    35 |    45 ||   100
Armor: Robe              |    38 |    11 |       |       ||    49
       Fire dragon scale |       |    28 |   126 |   207 ||   361
       Skin              |       |       |       |    16 ||    16
Dodge: Dodged            |    68 |    40 |   120 |   202 ||   430

Table legend:
 A = Spawn XP
 B = Non-spawn XP
 C = Spawn XP percentage of total XP
 D = Spawn monster count
 E = Non-spawn monster count
 F = Spawn count percentage of total count
 G = Total turns spent on level
                    A         B        C        D         E        F      G
               +---------+---------+-------+---------+---------+-------+---------
         Total |       0 |   30668 |   0.0 |       0 |     318 |   0.0 | 10509
               +---------+---------+-------+---------+---------+-------+---------
           D:1 |       0 |      42 |   0.0 |       0 |      25 |   0.0 |   680
           D:2 |       0 |     358 |   0.0 |       0 |      30 |   0.0 |   886
           D:3 |       0 |     640 |   0.0 |       0 |      25 |   0.0 |  1143
           D:4 |       0 |     600 |   0.0 |       0 |      22 |   0.0 |   643
           D:5 |       0 |     390 |   0.0 |       0 |      15 |   0.0 |   691
           D:6 |       0 |    1613 |   0.0 |       0 |      17 |   0.0 |   789
           D:7 |       0 |    1603 |   0.0 |       0 |      22 |   0.0 |  1258
           D:8 |       0 |    2195 |   0.0 |       0 |      31 |   0.0 |   750
           D:9 |       0 |    4279 |   0.0 |       0 |      43 |   0.0 |   720
          D:10 |       0 |    6315 |   0.0 |       0 |      24 |   0.0 |  1107
          D:11 |       0 |    9903 |   0.0 |       0 |      54 |   0.0 |  1389
        Lair:1 |       0 |    2730 |   0.0 |       0 |      10 |   0.0 |   388
               +---------+---------+-------+---------+---------+-------+---------
